 Dungeon Crawl Stone Soup version 0.23.0-3-gf3c87f2 (webtiles) character file.

Game seed: 13529744502869769334

25501 Monsterracer the Cleaver (level 13, -1/84 HPs)
             Began as a Gargoyle Skald on Feb 20, 2019.
             Was a High Priest of Zin.
             Slain by a death yak (15 damage)
             ... on level 4 of the Lair of Beasts.
             The game lasted 00:22:28 (15341 turns).

Monsterracer the Cleaver (Gargoyle Skald)          Turns: 15341, Time: 00:22:29

Health: -1/84      AC: 34    Str: 21    XL:     13   Next: 20%
Magic:  29/29      EV:  9    Int: 13    God:    Zin [*****.]
Gold:   653        SH:  0    Dex: 13    Spells: 16/16 levels left

rFire    . . .     SeeInvis .   a - +2 broad axe (freeze)
rCold    . . .     Gourm    .   (no shield)
rNeg     + . .     Faith    .   g - +3 chain mail
rPois    ∞         Spirit   .   q - +2 helmet
rElec    +         Reflect  .   k - +2 cloak
rCorr    .         Harm     .   (no gloves)
MR       +....                  A - +2 pair of boots of Parts Unknown {Dex+4}
Stlth    ..........             (no amulet)
HPRegen  0.24/turn              M - ring of protection from magic
MPRegen  0.21/turn              D - ring of magical power

@: no status effects
A: negative energy resistance 1, electricity resistance, unbreathing,
petrification resistance, rot immunity, AC +9
a: Recite, Vitalisation, Imprison, Sanctuary, Donate Gold, Renounce Religion


You were on level 4 of the Lair of Beasts.
You worshipped Zin.
Zin was extremely pleased with you.
You were hungry.

You visited 2 branches of the dungeon, and saw 14 of its levels.

You collected 956 gold pieces.
You spent 208 gold pieces at shops.
You donated 95 gold pieces to Zin.

Inventory:

Hand Weapons
 a - a +2 broad axe of freezing (weapon)
   (You found it on level 5 of the Dungeon)
 b - a +0 hand axe of flaming
   (You took it off an orc priest on level 9 of the Dungeon)
Armour
 g - a +3 chain mail (worn)
   (You found it on level 7 of the Dungeon)
 k - a +2 cloak (worn)
   (You found it on level 4 of the Dungeon)
 q - a +2 helmet (worn)
   (You found it on level 1 of the Dungeon)
 A - the +2 pair of boots of Parts Unknown (worn) {Dex+4}
   (You found it on level 9 of the Dungeon)

   It affects your dexterity (+4).
 H - a +2 hat of intelligence
   (You took it off Gastronok on level 2 of the Lair of Beasts)
Jewellery
 n - an uncursed ring of resist corrosion
   (You found it on level 2 of the Dungeon)
 u - an uncursed ring of fire
   (You found it on level 4 of the Dungeon)
 v - an uncursed ring of flight
   (You bought it in a shop on level 6 of the Dungeon)
 D - a ring of magical power (right hand)
   (You found it on level 2 of the Lair of Beasts)
 M - a ring of protection from magic (left hand)
   (You found it on level 9 of the Dungeon)
Wands
 i - a wand of iceblast (8)
   (You took it off Ijyb on level 3 of the Dungeon)
 E - a wand of acid (3)
   (You found it on level 1 of the Lair of Beasts)
Scrolls
 l - 2 scrolls of enchant armour
 m - 2 scrolls of magic mapping
 o - 3 scrolls of fog
 r - 9 scrolls of remove curse
 t - a scroll of teleportation {!r}
 X - a scroll of blinking
Potions
 d - a potion of ambrosia {!q}
 e - a potion of curing
 f - a potion of agility {unknown}
 h - a potion of haste
 j - a potion of might
 s - a potion of invisibility
 x - a potion of mutation {!q}
 y - a potion of magic
 z - 2 potions of brilliance
 C - a potion of flight
 F - 2 potions of cancellation
Miscellaneous
 B - a lamp of fire (inert)
   (You found it on level 9 of the Dungeon)
Comestibles
 c - 25 rations
 p - 4 chunks of flesh


   Skills:
 + Level 11.4 Fighting
 * Level 13.1 Axes
 + Level 10.4 Armour
 - Level 1.5 Dodging
 - Level 2.0 Spellcasting
   Level 2.6 Charms
 + Level 9.7 Invocations


You had 16 spell levels left.
You didn't know any spells.
Your spell library contained the following spells:

 Spells                   Type           Power        Failure   Level  Hunger
 Infusion                 Chrm           #...         47%         1    ##.....
 Song of Slaying          Chrm           #.......     63%         2    ###....
 Shroud of Golubria       Chrm/Tloc      #.........   80%         2    ###....
 Magic Dart               Conj           #...         85%         1    ##.....
 Summon Small Mammal      Summ           #...         85%         1    ##.....
 Call Imp                 Summ           #.......     94%         2    ###....
 Searing Ray              Conj           #.....       94%         2    ###....
 Regeneration             Chrm/Necr      #.........   95%         3    ####...
 Spectral Weapon          Hex/Chrm       #.......     95%         3    ####...
 Call Canine Familiar     Summ           #.......     99%         3    ####...
 Dazzling Spray           Conj/Hex       #.....       99%         3    ####...
 Ignite Poison            Fire/Tmut/Pois #.......     99%         3    ####...
 Summon Guardian Golem    Hex/Summ       #.......     99%         3    ####...
 Force Lance              Conj/Tloc      #.......     100%        4    #####..
 Fulminant Prism          Conj/Hex       #.........   100%        4    #####..
 Iskenderun's Mystic Bla  Conj           #.......     100%        4    #####..
 Petrify                  Tmut/Erth      #.......     100%        4    #####..
 Summon Ice Beast         Ice/Summ       #.......     100%        4    #####..
 Summon Lightning Spire   Summ/Air       #.......     100%        4    #####..
 Alistair's Intoxication  Tmut/Pois      #.......     100%        5    ######.
 Irradiate                Conj/Tmut      #.........   100%        5    ######.
 Sublimation of Blood     Necr           Unusable     N/A         2    N/A

Dungeon Overview and Level Annotations

Branches:
Dungeon (9/15)             Temple (0/1) D:7            Lair (5/6) D:9
  Snake (0/4) Lair:4
  Swamp: Lair:2-4    Shoals: Lair:2-4     Slime: Lair:5-6       Orc: D:9-12

Altars:
Fedhas
Kikubaaqudgha
Makhleb
Nemelex Xobeh
Okawaru
Ru
Sif Muna
Trog
Vehumet
Wu Jian
Xom
Zin
The Shining One
Beogh

Shops:
D:6 *


Innate Abilities, Weirdness & Mutations

You are resistant to torment.
Your stone body is resilient. (AC +9)
You are immune to poison.
You resist negative energy. (rN+)
You are resistant to electric shocks. (rElec)
You can survive without breathing.
You are immune to petrification.
You are immune to rotting.


Message History

You hit the death yak. You freeze the death yak.
The death yak is almost dead.
The death yak gores you but does no damage.
You slash the death yak! You freeze the death yak.
You kill the death yak!
The death yak gores you but does no damage.
You slash the death yak! You freeze the death yak.
The death yak is lightly wounded.
The death yak gores you!
* * * LOW HITPOINT WARNING * * *
You take 14 damage, and have 39/84 hp.
You barely miss the death yak.
The death yak is lightly wounded.
Unknown command.
Your chain mail prevents you from hitting the death yak.
The death yak is lightly wounded.
The death yak gores you but does no damage.
You slash the death yak! You freeze the death yak.
The death yak is moderately wounded.
The death yak gores you.
* * * LOW HITPOINT WARNING * * *
You take 4 damage, and have 35/84 hp.
You slash the death yak! You freeze the death yak.
The death yak is heavily wounded.
The death yak gores you but does no damage.
Unknown command.
You slice the death yak!! You freeze the death yak.
The death yak is severely wounded.
The death yak gores you but does no damage.
There's no appreciative audience!
You slash the death yak! You freeze the death yak.
The death yak is almost dead.
The death yak gores you but does no damage.
You slice the death yak!! You freeze the death yak.
You kill the death yak!
The death yak gores you but does no damage.
You slash the death yak! You freeze the death yak.
The death yak is moderately wounded.
The death yak gores you but does no damage.
There's no appreciative audience!
You are feeling hungry.
You slash the death yak! You freeze the death yak.
The death yak is heavily wounded.
The death yak gores you!
* * * LOW HITPOINT WARNING * * *
You take 16 damage, and have 20/84 hp.
Unknown command.
You slash the death yak! You freeze the death yak.
The death yak is heavily wounded.
You slash the death yak! You freeze the death yak.
The death yak is severely wounded.
The death yak gores you.
* * * LOW HITPOINT WARNING * * *
You take 4 damage, and have 16/84 hp.
Unknown command.
A steam dragon comes into view.
The steam dragon hisses angrily.
Found a stone staircase leading up.
The steam dragon bites you but does no damage.
The steam dragon claws you but does no damage.
There is a stone staircase leading up here.
Unknown command.
Unknown command.
The death yak gores you but does no damage.
The crocodile closely misses you.
You climb upwards.
There is a stone staircase leading down here.
The crocodile bites you but does no damage.
You slash the death yak! You freeze the death yak.
The death yak is severely wounded.
You hit the bush but do no damage.
A soldier ant comes into view.
The death yak gores you but does no damage.
You hit the death yak but do no damage.
The death yak is severely wounded.
The death yak gores you but does no damage.
The crocodile bites the plant!
Something stings the plant but does no damage.
Something bites the plant.
Something bites the plant!
You slash the fungus! You freeze the fungus. You hit the plant.
You freeze the plant. You hit the plant but do no damage. You slash the fungus!
You freeze the fungus. You hit the death yak but do no damage.
The death yak is severely wounded.
You hit the plant but do no damage. You hit the fungus. You freeze the fungus.
The death yak gores you but does no damage.
You hit the death yak but do no damage.
The death yak is severely wounded.
You hit the plant but do no damage. You slash the fungus!
You freeze the fungus.
You destroy the fungus!
The soldier ant stings the plant.
The death yak gores you!
* * * LOW HITPOINT WARNING * * *
You take 14 damage, and have 14/84 hp.
Unknown command.
The death yak snorts and paws the ground.
The death yak gores you!
You die...

........# #.....#P.## #.....
.#.....## ##..#....# ##.†..
.#P....# #.#.....## ### #....
.#.....#######.......###.#####.##
..#..P.#....#P...>.....##.P......
...#tP..t....a.....##............
.P####....P..#...####..#.P....#..
..# #.##.######Y.###..#####....##
..# ###### ##.@P##..## #......#
..##### #...P##...###..#.###
......## #....###..##...###
##.....# ##...## ##...P..#
###.#P.## #...#.# ##P....##
##....#####...P## #.##....#
#.............# #. ######
###........#.P# ########
#...........####.##.P.##


You could see a death yak and a soldier ant.

Vanquished Creatures
  Gastronok (Lair:2)
  An entropy weaver (Lair:4)
  4 hydras (Lair:1 Lair:2 Lair:4)
  A two-headed ogre (D:9)
  4 death yaks (Lair:5)
  Nergalle (Lair:3)
  Pikel (D:5)
  A black mamba (Lair:4)
  9 spiny frogs (Lair:1 Lair:3 Lair:4 Lair:5)
  A komodo dragon (Lair:3)
  A queen bee (Lair:3)
  4 blink frogs (Lair:2)
  A hornet (D:9)
  4 hippogriffs (Lair:2 Lair:3 Lair:5)
  4 hogs (D:7)
  A wyvern (Lair:4)
  A yak (D:9)
  A vampire (D:9)
  2 hungry ghosts (D:7 D:9)
  A human (D:7)
  A basilisk (Lair:3)
  Menkaure (D:5)
  11 soldier ants (Lair:4)
  2 ice beasts (D:7 D:9)
  8 porcupines (Lair:1 Lair:2 Lair:3 Lair:5)
  2 orc warriors (D:9)
  12 water moccasins (Lair:1 Lair:2 Lair:3 Lair:4 Lair:5)
  2 black bears (D:6 D:9)
  5 sky beasts (D:4 D:5 D:7 D:9)
  2 phantoms (D:5 D:9)
  5 ogres (D:4 D:5 D:7 D:9)
  A necrophage (D:9)
  4 centaurs (D:5 D:6 D:9)
  6 crocodiles (D:9 Lair:1 Lair:2 Lair:3)
  A big kobold (D:8)
  7 bullfrogs (D:7 D:9 Lair:1 Lair:3 Lair:4)
  2 scorpions (D:5 D:7)
  32 killer bees (D:7 Lair:3)
  3 wights (D:6)
  A howler monkey (D:9)
  2 crimson imps (D:5 D:9)
  A bullfrog zombie (D:9)
  A centaur zombie (D:9)
  2 bullfrog skeletons (D:4 D:5)
  2 jellies (D:6 D:8)
  6 orc priests (D:4 D:6 D:9)
  A gnoll shaman (D:6)
  4 hounds (D:4 D:5 D:6 D:9)
  7 orc wizards (D:4 D:6 D:7 D:9)
  A centaur skeleton (D:4)
  Ijyb (D:3)
  2 iguanas (D:8 D:9)
  15 worker ants (D:4 D:7 D:8 D:9 Lair:4)
  A hound skeleton (D:7)
  A worker ant zombie (D:6)
  8 gnolls (D:6 D:9)
  11 adders (D:2 D:3 D:4 D:6 Lair:4)
  4 shadow imps (D:6 D:8 D:9)
  4 adder skeletons (D:4 D:7 D:9)
  3 worms (D:2 D:4 D:6)
  2 dart slugs (D:1)
  3 leopard geckos (D:3 D:7)
  36 orcs (D:3 D:4 D:5 D:6 D:7)
  4 bats (D:1 D:2 D:3)
  4 giant cockroaches (D:1 D:2)
  7 goblins (D:1 D:3)
  6 hobgoblins (D:1 D:2 D:3)
  7 jackals (D:1 D:3 D:4)
  8 kobolds (D:1 D:2 D:3 D:8)
  5 quokkas (D:3 D:5 D:7 D:9)
  4 ball pythons (D:3 D:6 Lair:4)
  5 frilled lizards (D:1 D:2 D:3)
  2 goblin zombies (D:6)
  2 hobgoblin zombies (D:6)
  A jackal skeleton (D:9)
  A kobold skeleton (D:6)
  3 kobold zombies (D:6)
  2 leopard gecko skeletons (D:9)
  An orc skeleton (D:6)
  7 rats (D:1 D:2 D:3)
  9 fungi (Lair:1 Lair:2 Lair:3 Lair:4 Lair:5)
  5 plants (Lair:2 Lair:4 Lair:5)
353 creatures vanquished.

Vanquished Creatures (others)
  A slave (D:5)
  An ice beast (D:5)
  A hound (D:5)
  An orc (D:5)
  8 fungi (D:9 Lair:3 Lair:4 Lair:5)
  2 plants (Lair:4)
14 creatures vanquished.

Grand Total: 367 creatures vanquished

Notes
Turn   | Place    | Note
-------+----------+-------------------------------------------
     0 | D:1      | Monsterracer the Gargoyle Skald began the quest for the
                  | Orb.
     0 | D:1      | Reached XP level 1. HP: 12/12 MP: 3/3
   139 | D:1      | Reached skill level 2 in Axes
   316 | D:1      | Reached XP level 2. HP: 14/18 MP: 5/5
   597 | D:1      | HP: 9/18 [hobgoblin (3)]
   609 | D:1      | HP: 9/18 [kobold (1)]
   622 | D:1      | HP: 7/18 [goblin/+0 club (3)]
   625 | D:1      | Reached XP level 3. HP: 6/22 MP: 0/6
  1275 | D:2      | Reached skill level 3 in Axes
  1309 | D:2      | HP: 11/23 [worm (4)]
  1770 | D:2      | Reached XP level 4. HP: 28/28 MP: 7/7
  1892 | D:3      | Noticed Ijyb
  1925 | D:3      | Killed Ijyb
  2010 | D:3      | Reached XP level 5. HP: 29/32 MP: 8/8
  2053 | D:3      | Reached skill level 4 in Axes
  2353 | D:3      | Found a deep blue altar of Sif Muna.
  2354 | D:3      | Found an ancient bone altar of Kikubaaqudgha.
  2354 | D:3      | Found a sacrificial altar of Ru.
  2646 | D:4      | Noticed a sky beast
  2669 | D:4      | HP: 12/33 [orc wizard/magic dart (8)]
  2675 | D:4      | HP: 10/33 [sky beast (2)]
  2697 | D:4      | HP: 6/33 [sky beast (2)]
  2767 | D:4      | Killed a sky beast
  2767 | D:4      | Reached skill level 5 in Axes
  2767 | D:4      | Reached XP level 6. HP: 15/39 MP: 9/9
  3038 | D:4      | Found a roughly hewn altar of Beogh.
  3047 | D:4      | HP: 8/39 [orc priest/divine providence (14)]
  3055 | D:4      | HP: 5/39 [orc priest/divine providence (8)]
  3381 | D:4      | Reached skill level 5 in Fighting
  3381 | D:4      | Reached XP level 7. HP: 44/44 MP: 10/10
  4010 | D:5      | Entered Level 5 of the Dungeon
  4024 | D:5      | Reached skill level 6 in Axes
  4124 | D:5      | Noticed Pikel
  4168 | D:5      | Killed Pikel
  4168 | D:5      | Reached XP level 8. HP: 34/51 MP: 11/11
  4181 | D:5      | Reached skill level 7 in Axes
  4334 | D:5      | Noticed Menkaure
  4335 | D:5      | Found a sparkling altar of Nemelex Xobeh.
  4343 | D:5      | HP: 25/51 [??? (6)]
  4344 | D:5      | Killed Menkaure
  4492 | D:5      | Found a glowing silver altar of Zin.
  4494 | D:5      | Found a bloodstained altar of Trog.
  4494 | D:5      | Found a shimmering altar of Xom.
  4519 | D:5      | Became a worshipper of Zin the Law-Giver
  4519 | D:5      | Reached * piety under Zin
  4725 | D:5      | Reached ** piety under Zin
  4839 | D:5      | Reached skill level 1 in Invocations
  4959 | D:5      | Found an iron altar of Okawaru.
  5084 | D:5      | Found a radiant altar of Vehumet.
  5298 | D:6      | Found an ancient bone altar of Kikubaaqudgha.
  5510 | D:6      | Reached XP level 9. HP: 56/56 MP: 12/12
  5630 | D:6      | Reached *** piety under Zin
  5635 | D:6      | Found a glowing golden altar of the Shining One.
  5643 | D:6      | Reached skill level 8 in Axes
  6051 | D:6      | Found a burning altar of Makhleb.
  6180 | D:6      | Found Jameeges's Assorted Antiques.
  6188 | D:6      | Bought a scroll of teleportation for 78 gold pieces
  6188 | D:6      | Bought a tubular marble ring for 130 gold pieces
  6330 | D:6      | Reached skill level 5 in Armour
  6590 | D:7      | Found a staircase to the Ecumenical Temple.
  6677 | D:7      | Found a sparkling altar of Nemelex Xobeh.
  6712 | D:7      | HP: 26/57 [hog (6)]
  6714 | D:7      | HP: 12/57 [hog (6)]
  7030 | D:7      | Reached skill level 9 in Axes
  7034 | D:7      | Reached XP level 10. HP: 36/64 MP: 13/13
  7247 | D:7      | Reached **** piety under Zin
  8060 | D:9      | Found a staircase to the Lair.
  8160 | D:9      | HP: 25/64 [something (9)]
  8183 | D:9      | HP: 17/64 [something/vampiric draining (4)]
  8195 | D:9      | HP: 27/64 [something (3)]
  8197 | D:9      | Reached skill level 5 in Invocations
  8334 | D:9      | HP: 31/64 [orc warrior/+0 trident of flaming (6)]
  8339 | D:9      | HP: 23/64 [orc warrior/+0 trident of flaming (2)]
  8345 | D:9      | HP: 10/64 [orc warrior/+0 trident of flaming (13)]
  8353 | D:9      | Reached ***** piety under Zin
  8779 | D:9      | Found a blossoming altar of Fedhas.
  8942 | D:9      | Noticed a two-headed ogre
  8944 | D:9      | Identified the +12 scythe "Quov" {slice, Str+4}
  8981 | D:9      | HP: 30/65 [two-headed ogre/+0 giant club (4)]
  8995 | D:9      | HP: 26/65 [two-headed ogre/+0 giant club (7)]
  8996 | D:9      | HP: 9/65 [orc priest/divine providence (17)]
  9001 | D:9      | Killed a two-headed ogre
  9001 | D:9      | Reached skill level 10 in Axes
  9011 | D:9      | HP: 13/65 [orc wizard/the +12 scythe "Quov" {slice, Str+4}
                  | (9)]
  9441 | D:9      | Identified the amulet "Vois" {Harm *Drain +Blink rF- rN+
                  | Stlth+}
  9488 | D:9      | Got a pair of ancient boots
  9494 | D:9      | Identified the +2 pair of boots of Parts Unknown {Dex+4}
                  | (You found it on level 9 of the Dungeon)
  9622 | D:9      | Found an ornate altar of the Wu Jian Council.
  9713 | D:9      | Reached XP level 11. HP: 68/71 MP: 15/15
 10014 | Lair:1   | Entered Level 1 of the Lair of Beasts
 10258 | Lair:1   | Noticed an eight-headed hydra
 10265 | Lair:1   | Killed a five-headed hydra
 10845 | Lair:1   | Reached skill level 11 in Axes
 11123 | Lair:2   | HP: 31/71 [blink frog (6)]
 11427 | Lair:2   | Noticed a four-headed hydra
 11436 | Lair:2   | Killed a one-headed hydra
 11447 | Lair:2   | Noticed a seven-headed hydra
 11471 | Lair:2   | Killed a one-headed hydra
 11932 | Lair:2   | Noticed Gastronok
 11958 | Lair:2   | HP: 25/72 [Gastronok (21)]
 11959 | Lair:2   | Killed Gastronok
 11959 | Lair:2   | Reached skill level 10 in Fighting
 11959 | Lair:2   | Reached XP level 12. HP: 26/77 MP: 17/17
 12002 | Lair:2   | HP: 33/77 [hippogriff (3)]
 12962 | Lair:3   | Reached skill level 12 in Axes
 12986 | Lair:3   | HP: 39/78 [killer bee (2)]
 12991 | Lair:3   | HP: 33/78 [killer bee (2)]
 13002 | Lair:3   | HP: 22/78 [spiny frog (11)]
 13007 | Lair:3   | HP: 21/78 [killer bee (2)]
 13015 | Lair:3   | HP: 9/78 [basilisk (5)]
 13028 | Lair:3   | HP: 25/78 [spiny frog (9)]
 13749 | Lair:4   | Noticed Nergalle
 13768 | Lair:3   | Killed Nergalle
 13840 | Lair:3   | HP: 34/78 [spiny frog (13)]
 13853 | Lair:3   | HP: 22/79 [spiny frog (15)]
 14051 | Lair:4   | Noticed a seven-headed hydra
 14063 | Lair:4   | HP: 39/79 [six-headed hydra (5)]
 14068 | Lair:4   | HP: 21/79 [two-headed hydra (6)]
 14071 | Lair:4   | Killed a one-headed hydra
 14075 | Lair:4   | HP: 19/79 [water moccasin (3)]
 14391 | Lair:4   | Found a staircase to the Snake Pit.
 14493 | Lair:4   | Noticed an entropy weaver
 14532 | Lair:4   | HP: 38/79 [entropy weaver (6)]
 14535 | Lair:4   | Killed an entropy weaver
 14707 | Lair:4   | Reached skill level 10 in Armour
 15036 | Lair:4   | Noticed an entropy weaver
 15146 | Lair:5   | Reached XP level 13. HP: 84/84 MP: 20/20
 15262 | Lair:5   | Reached skill level 13 in Axes
 15276 | Lair:5   | HP: 39/84 [death yak (14)]
 15285 | Lair:5   | HP: 20/84 [death yak (16)]
 15338 | Lair:4   | HP: 14/84 [death yak (15)]
 15341 | Lair:4   | Slain by a death yak

Skill      XL: |  1  2  3  4  5  6  7  8  9 10 11 12 13 |
---------------+----------------------------------------+-----
Axes           | 2 3 5 6 7 9 10 11 12 13 | 13.1
Fighting       | 3 4 5 6 7 9 10 11 | 11.4
Armour         | 3 4 6 7 8 10 | 10.4
Invocations    | 1 4 6 7 9 |  9.7
Dodging        | |  1.5
Spellcasting   | |  2.0
Charms         | |  2.6

Action                   |  1- 3 |  4- 6 |  7- 9 | 10-12 | 13-15 || total
-------------------------+-------+-------+-------+-------+-------++-------
Melee: Hand axe          |   147 |   201 |   169 |    55 |       ||   572
       Broad axe         |       |       |   186 |   489 |    54 ||   729
       War axe           |       |       |       |   246 |       ||   246
       Morningstar       |       |       |       |     2 |       ||     2
       Battleaxe         |       |       |       |    98 |       ||    98
 Cast: Infusion          |     4 |     2 |       |       |       ||     6
Invok: Recite            |       |       |     1 |     4 |       ||     5
Evoke: Wand              |       |       |       |     5 |       ||     5
       Lamp of fire      |       |       |       |     2 |       ||     2
  Use: Potion            |       |     8 |       |     4 |       ||    12
       Scroll            |       |     8 |     6 |    15 |       ||    29
  Eat: Chunk             |     3 |     5 |     8 |    16 |     1 ||    33
       Ration            |       |       |     1 |     8 |       ||     9
Armor: Leather armour    |    66 |    55 |       |       |       ||   121
       Ring mail         |       |    54 |       |       |       ||    54
       Chain mail        |       |    15 |   290 |   808 |    48 ||  1161
Dodge: Dodged            |   101 |   115 |   175 |   453 |    14 ||   858

Levels and vault maps discovered:
D:1:      matt_arrival_grand_opening, layout_basic
D:2:      layout_rooms
D:3:      layout_rooms, gammafunk_temple_overflow_forgotten, uniq_ijyb
D:4:      minmay_chambers_of_twos, layout_cave_pools, serial_column_ruins,
          column_ruins_open_tiny, column_ruins_columns_dead_end,
          column_ruins_open_small, kennysheep_small_spiral,
          minmay_misc_feat_alley, chequers_garden, kennysheep_orc_chapel
D:5:      layout_basic, grunt_temple_overflow_open, lemuel_doored_altar,
          lemuel_coloured_pillars_altar, first_ration, minmay_liquid_box,
          uniq_menkaure, uniq_pikel
D:6:      layout_rooms, nicolae_tso_besieged_by_evil, makhleb_heckhound_becter,
          basic_altar, serial_shops, nicolae_shop_overgrown_old_shop,
          serial_co_window_serial, co_window_paths_a, co_window_paths_a,
          co_window_corner_a, co_window_corner_a, co_window_paths_a,
          co_window_broadway_c, co_window_of_opportunity_b,
          co_window_unsneaky_path_a, co_window_broadway_b,
          co_window_of_opportunity_c, co_window_unsneaky_path_a,
          co_window_paths_c, glass_columns_c
D:7:      layout_cave_pools, temple_statues, basic_altar, grunt_livestock,
          grunt_tough_drop
D:8:      layout_basic, serial_park_tiny_1
D:9:      minmay_the_grid_octo_tiled_squarecenter [minmay_the_grid_octo_empty,
          minmay_the_grid_octo_horde, minmay_the_grid_octo_fan_narrow,
          minmay_the_grid_octo_checkered,
          minmay_the_grid_square_5x5_megaprize_crossed,
          minmay_the_grid_square_5x5_detours,
          minmay_the_grid_square_5x5_fancy_junction,
          minmay_the_grid_square_5x5_three,
          minmay_the_grid_square_5x5_one_wall], layout_irregular_city,
          marbit_many_paths, fedhas_altar_3
Lair:1:   layout_cave_pods
Lair:2:   layout_loops_ring, grunt_megastairs_2, uniq_gastronok
Lair:3:   layout_roguey [special_room_bee], special_room, serial_bayou_shore_b
Lair:4:   layout_misc_corridors, nicolae_swamp_entry_splash_gauntlet,
          minmay_snake_entry_six_corridors, zaba_anthell, uniq_nergalle
Lair:5:   layout_layer_cave, dpeg_slime_entry_enclosed_altar
